Map: Proxima Station LE

Players

SortOf

  • Race: Zerg Zerg
  • Spawn Location: 1:00

TIME (Oliveira) - Winner!

  • Race: Terran Terran
  • Spawn Location: 7:00

Event: WCS Austin 2017

VOD

Have the link to the VOD?

Description

Time

  • Played on: April 28, 2017, 8:41 p.m.
  • Length: 8:40

All games in this series

Show
View Real Time Build Order
Export as new Build Order

SortOf Zerg 

Build Orders: Hatch First, Muta Ling Bane 

Get SALT Encoding   

  12  0:00  Drone  
  13  0:12  Overlord  
  13  0:17  Drone  
  14  0:30  Drone x2  
  16  0:36  Drone  
  17  0:52  Hatchery  
  17  0:55  Drone  
  17  1:09  Spawning Pool  
  16  1:11  Drone  
  16  1:14  Drone  
  16  1:18  Drone  
  19  1:29  Drone  
  20  1:43  Hatchery  
  19  1:57  Zergling x4  
  21  2:04  Drone, Queen  
  24  2:08  Queen  
  24  2:12  Drone  
  27  2:17  Drone  
  28  2:23  Overlord  
  28  2:26  Overlord  
  28  2:42  Drone x3  
  28  2:43  Queen  
  33  2:45  Drone  
  33  2:50  Queen  
  36  2:55  Drone  
  36  2:58  Drone  
  38  3:02  Drone  
  38  3:03  Drone  
  40  3:07  Extractor x2  
  40  3:08  Drone x2  
  40  3:13  Overlord  
  40  3:15  Drone  
  40  3:19  Evolution Chamber  
  40  3:20  Zergling x2  
  40  3:21  Zergling x2  
  40  3:23  Drone  
  40  3:25  Drone  
  44  3:38  Overlord  
  44  3:39  Drone x5  
  44  3:40  Drone  
  50  3:44  Drone  
  51  3:50  Queen  
  51  3:51  Evolution Chamber  
  51  3:55  Overlord  
  52  3:56  Drone  
  52  3:58  Drone  
  52  3:59  Drone  
  52  4:01  Drone  
  56  4:06  Metabolic Boost  
  56  4:07  Drone x2  
  56  4:09  Drone  
  59  4:16  Drone x3  
  62  4:19  Zergling x8  
  64  4:24  Lair  
  56  4:35  Drone x4  
  55  4:38  Drone  
  55  4:41  Drone x3  
  55  4:43  Drone  
  60  4:47  Drone x3  
  60  4:51  Overlord  
  63  4:56  Drone x2  
  65  5:04  Drone  
  65  5:05  Drone  
  67  5:08  Drone, Overlord  
  67  5:14  Drone x3  
  69  5:17  Queen  
  69  5:19  Zerg Ground Armor Level 1, Extractor  
  69  5:20  Extractor  
  69  5:23  Drone  
  69  5:24  Drone x2  
  72  5:28  Drone x2  
  72  5:34  Overlord  
  74  5:36  Drone  
  74  5:38  Drone x5, Extractor  
  74  5:39  Extractor  
  78  5:47  Drone x4  
  78  5:48  Drone  
  83  5:55  Drone x2  
  83  5:56  Drone x3  
  88  6:00  Spire  
  87  6:04  Zergling x6  
  90  6:17  Baneling Nest  
  90  6:18  Zergling x2  
  90  6:21  Overlord  
  90  6:23  Hatchery  
  89  6:26  Overlord  
  89  6:27  Zerg Melee Weapons Level 1, Hatchery  
  89  6:28  Overseer  
  87  6:34  Zergling x6  
  87  6:38  Overlord  
  89  6:51  Drone  
  89  6:52  Drone x3  
  89  6:54  Drone x2  
  91  6:56  Queen  
  91  6:57  Drone x4  
  91  6:58  Drone  
  95  7:03  Overlord, Centrifical Hooks  
  95  7:05  Baneling x4  
  95  7:07  Zergling x4  
  97  7:14  Mutalisk x2  
  101  7:23  Zergling x4  
  101  7:26  Baneling x5  
  101  7:29  Overlord  
  103  7:33  Overlord  
  101  7:42  Zergling x22  
  101  7:44  Zergling x2  
  102  7:50  Zergling x2  
  102  7:54  Mutalisk x3  
  102  7:57  Queen  
  106  7:59  Zergling x12  
  106  8:04  Baneling x8  
  106  8:05  Baneling x2  
  112  8:09  Overseer  
  112  8:10  Zergling x2  
  112  8:11  Zergling x4  
  115  8:13  Overlord  
  115  8:14  Drone  
Show
View Real Time Build Order
Export as new Build Order

TIME Terran - Winner!

Build Orders: Reaper Expand, MMM Bio 

Get SALT Encoding   

  12  0:00  SCV  
  13  0:12  SCV  
  14  0:17  Supply Depot  
  14  0:25  SCV  
  14  0:28  Refinery  
  15  0:39  SCV  
  16  0:44  Barracks  
  16  0:51  SCV  
  17  1:03  SCV  
  18  1:15  SCV  
  19  1:31  Orbital Command  
  19  1:32  Reaper  
  20  1:43  Command Center  
  20  1:55  Factory  
  20  1:58  SCV  
  21  2:06  Barracks Reactor  
  21  2:10  SCV  
  21  2:14  Refinery  
  22  2:16  Supply Depot  
  22  2:22  SCV  
  23  2:38  SCV  
  23  2:43  Starport  
  24  2:48  Hellion x2  
  24  2:50  SCV  
  29  2:57  Barracks Tech Lab, Orbital Command  
  30  3:06  SCV  
  30  3:10  Hellion  
  30  3:11  Hellion  
  34  3:18  SCV  
  34  3:19  Medivac  
  37  3:23  SCV  
  38  3:30  SCV  
  39  3:35  SCV  
  39  3:38  Marine x2  
  39  3:39  Cyclone  
  45  3:42  Supply Depot  
  45  3:43  SCV  
  45  3:47  Supply Depot  
  46  4:03  Raven, Marine x2, SCV  
  46  4:04  SCV  
  52  4:16  SCV x2  
  54  4:24  Command Center  
  54  4:28  SCV x2  
  54  4:36  Marine  
  55  4:40  Factory Tech Lab, SCV x2  
  55  4:44  Engineering Bay  
  57  4:46  Refinery x2, Raven  
  57  4:47  Engineering Bay  
  57  4:52  SCV x2  
  61  5:04  SCV  
  62  5:09  Barracks  
  62  5:13  Factory Reactor, Terran Infantry Weapons Level 1, Barracks  
  62  5:20  Stimpack  
  62  5:28  Supply Depot  
  62  5:32  Barracks  
  62  5:33  Barracks  
  62  5:34  Supply Depot  
  62  5:36  Marine, SCV x2  
  62  5:37  Terran Infantry Armor Level 1  
  62  5:41  Orbital Command  
  62  5:42  Starport Reactor  
  65  5:48  SCV x2  
  59  5:54  Marine  
  59  5:55  Widow Mine x2  
  64  6:00  SCV  
  64  6:01  SCV  
  66  6:07  Marine  
  66  6:08  Combat Shields, Marine x2  
  66  6:09  Orbital Command  
  69  6:12  SCV  
  69  6:13  Armory  
  69  6:15  SCV  
  69  6:16  Marine  
  72  6:19  Medivac x2  
  72  6:23  Barracks Reactor  
  72  6:24  SCV  
  72  6:25  Barracks Reactor  
  77  6:26  Barracks, Marine  
  77  6:28  SCV  
  77  6:29  Barracks  
  77  6:30  Marine  
  80  6:35  SCV  
  80  6:36  SCV  
  80  6:37  Supply Depot  
  82  6:51  Widow Mine x2  
  86  6:55  Marauder x2  
  86  6:56  SCV  
  86  6:58  SCV x2  
  91  7:01  Supply Depot, Marine x2  
  91  7:02  Marine x4  
  91  7:07  Medivac x2  
  101  7:17  Barracks Reactor  
  101  7:19  Supply Depot  
  101  7:22  Widow Mine, Marine x2  
  101  7:23  Marauder, SCV  
  109  7:30  Marine  
  109  7:31  Barracks Tech Lab  
  109  7:38  Marine x2  
  109  7:39  SCV  
  109  7:40  SCV  
  98  7:44  Marine  
  98  7:45  Marine x3  
  98  7:46  Marauder  
  98  7:47  SCV  
  105  7:54  Marine  
  105  7:55  Marine  
  105  7:56  Medivac x2  
  105  7:57  Widow Mine x2  
  105  7:58  Marine  
  114  7:59  Marauder  
  117  8:07  Supply Depot x2, Missile Turret  
  117  8:08  Supply Depot x2  
Tags
 
Add a new tag
Caveats
  • Supply blocks, unpowered buildings, or Contaminate may cause inaccurate times.
  • Supply counts are checked every 10 seconds.